Description

SH vs Mech

Replay - Diamond 2 - ZvT - Game 17

Build Order

Get SALT Encoding   

  12  0:00  Drone  
  13  0:12  Overlord  
  13  0:17  Drone  
  14  0:31  Drone x2  
  16  0:48  Hatchery  
  15  0:52  Drone x2  
  17  0:59  Drone  
  18  1:11  Extractor  
  18  1:13  Spawning Pool  
  18  1:18  Drone x2  
  18  1:29  Drone  
  20  1:57  Overlord  
  20  2:00  Queen x2  
  24  2:01  Zergling x4  
  26  2:12  Metabolic Boost  
  30  2:35  Hatchery  
  33  2:56  Overlord  
  34  3:15  Queen  
  34  3:17  Overlord  
  41  3:29  Overlord  
  41  3:43  Zergling x6  
  44  3:49  Queen x2  
  48  4:05  Baneling Nest  
  55  4:11  Roach Warren  
  55  4:26  Queen x2  
  76  5:10  Queen x2  
  76  5:11  Lair  
  80  5:14  Extractor  
  89  5:28  Spore Crawler x3  
  89  5:31  Roach x3  
  89  5:34  Extractor x4  
  89  5:39  Roach x5  
  106  6:10  Glial Reconstitution  
  106  6:12  Overseer  
  106  6:14  Roach x2  
  106  6:15  Hatchery  
  114  6:57  Infestation Pit  
  113  7:05  Evolution Chamber x2, Hydralisk Den  
  128  7:26  Overseer  
  128  7:33  Zerg Missile Weapons Level 1  
  132  7:41  Extractor x2, Spore Crawler  
  132  7:54  Hydralisk x8  
  148  7:59  Hatchery  
  148  8:01  Hydralisk x2  
  153  8:25  Grooved Spines  
  153  8:27  Swarm Host x10, Hive  
  195  9:02  Spine Crawler x2  
  200  9:08  Spine Crawler x6  
  193  9:35  Spine Crawler x2  
  193  9:36  Muscular Augments  
  193  9:37  Spore Crawler  
Spawning Tool Build Advisor. Get it on Overwolf

Go to:

Details

  • Created by: tiwaheronud
  • Published on: Mar 05, 2023
  • Modified on: Mar 05, 2023
  • Patch: 5.0.11
  • Difficulty: Medium
Show
View Real Time Build Order
Export as new Build Order

Comments (0)

There are no comments. Be the first!

Create an account to comment!